 Dungeon Crawl Stone Soup version 0.17.1-1-g73c8601 (console) character file.

115 Cab the Gusty (level 5, -3/28 HPs)
             Began as a Tengu Air Elementalist on Dec 11, 2015.
             Killed by nerve-wracking pain
             ... invoked by clown's ghost
              (6 damage)
             ... on level 3 of the Dungeon.
             The game lasted 00:09:54 (2046 turns).

Cab the Gusty (Tengu Air Elementalist)              Turns: 2046, Time: 00:09:54

Health: -3/28      AC:  3    Str:  8    XL:     5   Next: 0%
Magic:  3/10       EV: 15    Int: 17    God:
Gold:   82         SH:  0    Dex: 14    Spells: 3 memorised, 3 levels left

rFire  . . .     SeeInvis .     h - +0 short sword
rCold  . . .     Clarity  .     a - +1 robe
rNeg   . . .     SustAt   .     (no shield)
rPois  .         Gourm    .     (helmet restricted)
rElec  .         Spirit   .     (no cloak)
rCorr  .         Warding  .     (no gloves)
rMut   .         Stasis   .     (boots unavailable)
MR     .....                    (no amulet)
Stlth  ++........               (no ring)
                                (no ring)

@: flying quickly and evasively, quick, not resistant to hostile enchantments,
unstealthy
A: beak, talons 3, able to fly 1
a: no special abilities


You were on level 3 of the Dungeon.
You were not hungry.

You visited 1 branch of the dungeon, and saw 4 of its levels.

You collected 82 gold pieces.

Inventory:

Hand Weapons
 h - a +0 short sword (weapon)
Armour
 a - a +1 robe (worn)
Jewellery
 e - an uncursed ring of ice
Scrolls
 i - a scroll of amnesia
Potions
 f - a potion of brilliance {unknown}
 g - 2 potions of lignification {unknown}
 j - a potion of flight {unknown}
 l - 4 potions of curing {unknown}
 m - 3 potions of might {unknown}
 o - a potion of magic {unknown}
 p - a potion of heal wounds {unknown}
Books
 b - a book of Air

   Spells                             Type                      Level
   a - Shock                          Conjuration/Air              1
   b - Swiftness                      Charms/Air                   2
   c - Repel Missiles                 Charms/Air                   2
   d - Static Discharge               Conjuration/Air              3
   e - Lightning Bolt                 Conjuration/Air              5
Comestibles
 c - a bread ration
 d - a meat ration


   Skills:
 - Level 2.1 Dodging
 - Level 2.0 Stealth
 + Level 2.9 Spellcasting
 * Level 3.2 Conjurations
 + Level 5.7 Air Magic


You had 3 spell levels left.
You knew the following spells:

 Your Spells              Type           Power        Failure   Level  Hunger
a - Shock                 Conj/Air       ###.         2%          1    #......
b - Static Discharge      Conj/Air       ###.....     10%         3    ###....
c - Repel Missiles        Chrm/Air       ##....       10%         2    ##.....


Dungeon Overview and Level Annotations

Branches:
Dungeon (4/15)
 Temple: D:4-7

Altars:
Cheibriados
Trog
Zin

Annotations:
D:3 Ijyb; clown's ghost, amateur DsNe


Innate Abilities, Weirdness & Mutations

You have a beak for a mouth.
You have claws for feet.
You can fly.


Message History

Okay, then.
Unknown command.
Read which item? (? for menu, Esc to quit)
Okay, then.
Unknown command.
Read which item? (? for menu, Esc to quit)
Okay, then.
Drink which item? (? for menu, Esc to quit)
Okay, then.
You swoop lightly up into the air.
You feel very comfortable in the air.
You feel somewhat more hungry.
Found 25 stones.
You see here a scroll labeled KYIRHE LUQI.
A kobold comes into view.
Clown's ghost casts a spell at you. Pain shoots through your body!
* * * LOW HITPOINT WARNING * * *
Clown's ghost points at you and mumbles some strange words.
Pain shoots through your body!
You die... ▒∙▒▒∙∙▒∙▒∙∙∙▒ ▒∙ ∙∙∙▒ ▒ ▒∙▒▒∙∙∙)∙∙∙▒ ∙∙ ∙∙∙∙▒▒▒ ▒∙▒▒∙▒▒∙∙▒∙▒ ▒∙ ∙∙∙∙∙∙∙∙ ▒∙▒▒∙▒▒∙∙▒W▒ ∙ ∙∙∙∙▒▒▒▒▒▒ ▒∙▒▒∙∙W∙!▒∙▒ ∙▒ ∙∙∙∙∙

▒
▒∙▒▒∙∙∙∙∙▒?▒▒∙▒▒∙∙∙
▒
▒∙▒▒∙∙∙∙∙▒(∙∙(∙∙∙∙∙
▒
▒∙▒▒∙▒∙▒∙▒▒∙▒∙▒▒∙∙∙
▒ ▒∙▒▒∙▒∙▒∙▒▒@∙∙∙▒
▒∙▒▒∙▒∙▒>%∙∙∙∙∙K∙∙▒
▒∙▒▒∙▒∙▒▒▒▒∙∙∙∙▒▒▒▒
▒∙∙∙∙∙∙∙∙∙∙∙∙∙▒▒
▒▒▒▒▒▒▒▒▒▒▒▒▒▒▒


You could see clown's ghost and a kobold (wandering).

Vanquished Creatures
  5 adders
  2 worms (D:2)
  A giant gecko (D:3)
  An orc (D:3)
  A ball python (D:3)
  4 giant cockroaches
  6 hobgoblins
  11 jackals
  9 kobolds
  5 bats
  2 giant newts
  9 goblins
  3 rats
59 creatures vanquished.

Notes
Turn   | Place    | Note
--------------------------------------------------------------
     0 | D:1      | Cab the Tengu Air Elementalist began the quest for the Orb.
     0 | D:1      | Reached XP level 1. HP: 10/10 MP: 4/4
   167 | D:1      | Reached XP level 2. HP: 6/15 MP: 0/6
   712 | D:1      | Reached XP level 3. HP: 19/19 MP: 1/7
   717 | D:1      | Learned a level 3 spell: Static Discharge
   766 | D:1      | Learned a level 2 spell: Repel Missiles
   794 | D:2      | Reached skill level 5 in Air Magic
  1064 | D:2      | Found a snail-covered altar of Cheibriados.
  1146 | D:2      | Found a bloodstained altar of Trog.
  1229 | D:2      | Reached XP level 4. HP: 20/24 MP: 6/8
  1316 | D:2      | Found a glowing silver altar of Zin.
  1604 | D:3      | Noticed Ijyb
  2034 | D:3      | Gained mutation: You can fly. [Tengu growth]
  2034 | D:3      | Reached XP level 5. HP: 28/28 MP: 4/10
  2035 | D:3      | Noticed clown's ghost (amateur DsNe)
  2046 | D:3      | Killed from afar by clown's ghost

Action                   |  1- 3 |  4- 6 || total
-------------------------+-------+-------++-------
Melee: Unarmed           |    16 |       ||    16
       Short sword       |    36 |     4 ||    40
 Cast: Shock             |    62 |    32 ||    94
 Abil: Fly               |       |     1 ||     1
  Use: Scroll            |     2 |     3 ||     5
  Eat: Chunk             |     2 |     1 ||     3
       Beef jerky        |       |     2 ||     2
